 Dungeon Crawl Stone Soup version 0.26.1-11-gd32895ea62 (webtiles) character file.

Game seed: 539447278268730402

2678 sankara the Cleaver (level 9, -7/70 HPs)
             Began as a Minotaur Fighter on July 10, 2021.
             Was a Plaything of Xom.
             Killed from afar by a death drake (18 damage)
             ... with a foul vapour
             ... on level 7 of the Dungeon.
             The game lasted 00:12:07 (7015 turns).

sankara the Cleaver (Minotaur Fighter)              Turns: 7015, Time: 00:12:07

Health: -7/70      AC: 17    Str: 21    XL:     9   Next: 37%
Magic:  8/8        EV:  5    Int:  5    God:    Xom [...*..]
Gold:   420        SH: 11    Dex: 11    Spells: 8/8 levels left

rFire    . . .     SeeInvis .   a - +0 war axe
rCold    . . .     Faith    .   c - +0 kite shield
rNeg     + . .     Spirit   .   s - +0 plate armour
rPois    .         Reflect  .   (helmet restricted)
rElec    .         Harm     .   f - +2 cloak
rCorr    .         Rampage  .   (no gloves)
Will     .....                  (no boots)
Stlth    ..........             (no amulet)
HPRegen  0.21/turn              H - ring of positive energy
MPRegen  0.11/turn              (no ring)

@: lethally poisoned (-7 -> -115), slowed, very slow
A: retaliatory headbutt, horns 2, blurry vision 1, clumsy 1
a: Renounce Religion


You were on level 7 of the Dungeon.
You worshipped Xom.
You were a favourite toy of Xom.
You visited 1 branch of the dungeon, and saw 7 of its levels.

You collected 420 gold pieces.

Inventory:

Hand Weapons
 a - a +0 war axe (weapon)
 v - a +0 hunting sling
Missiles
 e - 220 stones (quivered)
 i - 6 silver javelins
 t - 6 javelins
 x - 4 boomerangs
 B - 6 atropa-tipped darts
Armour
 c - a +0 kite shield (worn)
 f - a +2 cloak (worn)
 s - a +0 plate armour (worn)
Magical Staves
 L - an uncursed staff of death
Jewellery
 H - a ring of positive energy (left hand)
Wands
 D - a wand of flame (17)
 I - a wand of polymorph (11)
 J - a wand of iceblast (11)
Scrolls
 h - 2 scrolls of enchant armour {unknown}
 j - 5 scrolls of remove curse
 m - a scroll of magic mapping
 n - 3 scrolls of teleportation
 r - 3 scrolls of blinking
 u - 3 scrolls of enchant weapon {unknown}
 y - a scroll of amnesia
 z - 4 scrolls of identify
 C - a scroll of random uselessness {unknown}
 G - a scroll of fog {unknown}
 K - a scroll of fear {unknown}
Potions
 b - a potion of heal wounds
 d - a potion of might
 g - 5 potions of curing {unknown}
 k - a potion of magic {unknown}
 l - a potion of attraction {unknown}
 o - 2 potions of lignification {unknown}
 p - 2 potions of ambrosia {unknown}
 q - 3 potions of berserk rage {unknown}
 w - 2 potions of flight {unknown}
 A - 2 potions of mutation {unknown}
 E - 2 potions of brilliance {unknown}
 F - a potion of haste
 M - a potion of invisibility {unknown}


   Skills:
 - Level 3.6 Fighting
 * Level 11.0 Axes
 + Level 8.5 Armour
 + Level 8.5 Shields


You had 8 spell levels left.
You didn't know any spells.
Your spell library was empty.

Dungeon Overview and Level Annotations

Branches:
Dungeon (7/15)             Temple (0/1) D:7

Altars:
Ashenzari
Qazlal
Trog
Xom
Zin


Innate Abilities, Weirdness & Mutations

You reflexively headbutt those who attack you in melee.
You have a pair of horns on your head.
Scrolls take you a little longer to read.
You are clumsy. (Dex -2)


Message History

You are too injured to fight recklessly!
Unknown command.
You are too injured to fight recklessly!
You are too injured to fight recklessly!
Unknown command.
You are too injured to fight recklessly!
You are too injured to fight recklessly!
You hit the death drake. Your headbutt misses the death drake.
The death drake is moderately wounded.
You are engulfed in dark miasma.
You are more poisoned.
You feel as though you will be slow longer.
* * * LOW HITPOINT WARNING * * *
x2 You feel extremely sick.
The death drake breathes miasma at you. The foul vapour engulfs you!!
You are more poisoned.
You feel as though you will be slow longer.
You die...
Xom thinks this is hilarious!

......## #####..## ###
........# #.. ......###
#####.##### #.######
♣.....(...♣♣♣ #.# ♣..♣#
..♣♣♣♣.♣♣♣♣..♣# #.#♣♣≈≈.#
♣...≈...♣♣♣.#
#.#♣⌠≈≈.#♣..♣♣♣♣.♣♣♣♣..♣#
#.#♣..≈.# ♣....@....♣♣♣
#.#♣♣♣..########k#####
#.#♣...♣#.♣.♣.#(..#
.†#♣♣♣.♣♣♣.♣.♣♣)..♣♣..
..........♣.♣.†<8>'....
#.#♣.♣♣♣♣♣.♣.♣♣...♣♣...
#.#♣†.♣ #.♣.♣.#...# .♣
#.#♣.≈P♣########'## #
#.#♣.≈..#


You could see a death drake (catching breath).

Vanquished Creatures
  An ice beast (D:6)
  A sky beast (D:5)
  An orc warrior (D:5)
  2 phantoms
  5 centaurs
  An ogre (D:7)
  4 bullfrogs
  3 scorpions
  4 killer bees (D:7)
  A howler monkey (D:5)
  4 crimson imps (D:3)
  2 bullfrog skeletons (D:7)
  2 hounds
  3 jellies
  3 orc priests
  6 orc wizards
  3 centaur skeletons
  An iguana (D:5)
  Natasha (twice) (D:3)
  A hound skeleton (D:6)
  7 gnolls
  A worker ant zombie (D:6)
  13 adders
  3 shadow imps
  A white imp (D:5)
  2 ufetubi
  An adder zombie (D:6)
  3 worms
  6 leopard geckos
  26 orcs
  9 ball pythons (D:4)
  10 giant cockroaches
  5 goblins
  5 hobgoblins
  2 jackals (D:1)
  4 quokkas
  11 bats
  5 frilled lizards
  A jackal zombie (D:6)
  3 kobolds
  8 rats
176 creatures vanquished.

Vanquished Creatures (others)
  3 plants (D:7)
3 creatures vanquished.

Grand Total: 179 creatures vanquished

Notes
Turn   | Place    | Note
-------+----------+-------------------------------------------
     0 | D:1      | sankara the Minotaur Fighter began the quest for the Orb.
     0 | D:1      | Reached XP level 1. HP: 19/19 MP: 0/0
   130 | D:1      | Reached skill level 3 in Axes
   130 | D:1      | Reached XP level 2. HP: 26/26 MP: 1/1
   796 | D:1      | Reached XP level 3. HP: 31/31 MP: 2/2
   995 | D:2      | Found a faded altar of an unknown god.
  1006 | D:2      | Became a worshipper of Xom the Unpredictable
  1259 | D:2      | XOM: divination: detect items
  1352 | D:2      | Found a stormy altar of Qazlal.
  1366 | D:2      | Reached skill level 4 in Axes
  1603 | D:3      | Reached XP level 4. HP: 25/39 MP: 3/3
  1686 | D:3      | XOM: silly message
  1791 | D:3      | Found a shimmering altar of Xom.
  1800 | D:3      | XOM: summons friendly crimson imp
  1806 | D:3      | Reached skill level 5 in Axes
  1806 | D:3      | Reached XP level 5. HP: 41/45 MP: 4/4
  1996 | D:3      | XOM: give mutations
  1996 | D:3      | Gained mutation: You are clumsy. (Dex -2) [Xom's mischief]
  1996 | D:3      | Gained mutation: Scrolls take you a little longer to read.
                  | [Xom's mischief]
  2125 | D:3      | XOM: polymorph orc priest -> jelly
  2128 | D:3      | Reached skill level 5 in Armour
  2128 | D:3      | Reached skill level 5 in Shields
  2134 | D:3      | Reached XP level 6. HP: 29/51 MP: 5/5
  2266 | D:3      | Noticed Natasha
  2271 | D:3      | Killed Natasha
  2366 | D:3      | Reached skill level 6 in Axes
  2585 | D:3      | Noticed Natasha
  2589 | D:3      | Killed Natasha
  3118 | D:4      | Found a bloodstained altar of Trog.
  3306 | D:4      | Reached XP level 7. HP: 50/57 MP: 6/6
  3380 | D:4      | XOM: 2-stop teleportation journey
  3392 | D:4      | Reached skill level 7 in Axes
  3510 | D:4      | XOM: swap monsters
  3847 | D:4      | XOM: summons 3 hostile shadow creatures
  3961 | D:5      | Entered Level 5 of the Dungeon
  3998 | D:5      | XOM: enchant monster (bad)
  4137 | D:5      | XOM: summons 4 hostile demons
  4143 | D:5      | Reached skill level 8 in Axes
  4197 | D:5      | XOM: god gift: 40 gold pieces
  4264 | D:5      | XOM: fake destruction
  4272 | D:5      | Reached XP level 8. HP: 55/64 MP: 7/7
  4368 | D:4      | Found a glowing silver altar of Zin.
  4627 | D:5      | XOM: cleaving
  5037 | D:6      | Reached skill level 9 in Axes
  5039 | D:6      | XOM: cleaving
  5249 | D:6      | XOM: 4-stop teleportation journey
  5253 | D:6      | XOM: cloud trail
  5304 | D:6      | XOM: god gift: 19 stones
  5656 | D:6      | Reached skill level 10 in Axes
  5709 | D:6      | Found a broken altar of Ashenzari.
  5884 | D:6      | XOM: cleaving
  6178 | D:7      | Reached XP level 9. HP: 65/70 MP: 8/8
  6648 | D:7      | XOM: god gift: thin glowing staff {god gift}
  6794 | D:7      | Found a staircase to the Ecumenical Temple.
  6880 | D:7      | XOM: noise
  6907 | D:7      | XOM: destruction
  6921 | D:7      | Reached skill level 11 in Axes
  7004 | D:7      | Noticed a cyclops
  7008 | D:7      | Noticed a death drake
  7008 | D:7      | a cyclops changed into a death drake
  7008 | D:7      | XOM: polymorph cyclops -> death drake
  7015 | D:7      | Killed from afar by a death drake

Illustrated notes

Levels and vault maps discovered:
D:1:      dpeg_arrival_rhombi, layout_loops_ring
D:2:      layout_rooms, chequers_ecumenical_altar_simple_redux,
          grunt_qazlal_clouds
D:3:      layout_loops_ring, led_xom_imps, uniq_natasha
D:4:      lemuel_upstairs_altar, layout_gridville, bloody_trog,
          minmay_snake_closets
D:5:      layout_cave_pools, minmay_misc_feat_diagonals, moated_statue,
          chequers_garden, st_stairs_3, kennysheep_windowed_goal
D:6:      layout_basic, nicolae_ashenzari_panopticon
D:7:      nzn_winding_woodlands_stair_cross
          [nzn_winding_woodlands_5x15_pathside_ponds,
          nzn_winding_woodlands_center_diamonds,
          nzn_winding_woodlands_5x15_garden,
          nzn_winding_woodlands_5x5_checkerboard,
          nzn_winding_woodlands_5x5_default, nzn_winding_woodlands_5x15_eye,
          nzn_winding_woodlands_center_lodge,
          nzn_winding_woodlands_5x15_parted], layout_loops_ring, serial_shops,
          nicolae_shop_waterfront

Skill      XL: |  1  2  3  4  5  6  7  8  9 |
---------------+----------------------------+-----
Axes           | 3 4 5 6 8 10 11 | 11.0
Armour         | 4 5 6 7 8 |  8.5
Shields        | 4 5 6 7 8 |  8.5
Fighting       | |  3.6

Action                   |  1- 3 |  4- 6 |  7- 9 || total
-------------------------+-------+-------+-------++-------
Melee: War axe           |   161 |   178 |   318 ||   657
       Headbutt          |    16 |    24 |    57 ||    97
  Use: Scroll            |     1 |     6 |       ||     7
 Stab: Sleeping          |       |       |     1 ||     1
Armor: Scale mail        |    54 |       |       ||    54
       Plate armour      |    27 |   111 |   250 ||   388
Dodge: Dodged            |    54 |    21 |    70 ||   145
Block: Kite shield       |   102 |    79 |   215 ||   396
